 Dungeon Crawl Stone Soup version 0.31-a0-185-g9dded2c639 (webtiles) character file.

Game seed: 1471808445750613148

520 qw the Skirmisher (level 7, -2/40 HPs)
             Began as a Deep Elf Hunter on June 22, 2023.
             Slain by Duvessa
             ... wielding a +0 short sword
              (11 damage)
             ... on level 4 of the Dungeon.
             The game lasted 00:01:00 (2989 turns).

qw the Skirmisher (Deep Elf Hunter)                 Turns: 2989, Time: 00:01:01

Health: -2/40      AC:  5    Str: 10    XL:     7   Next: 1%
Magic:  9/9        EV: 11    Int: 14    God:
Gold:   151        SH:  0    Dex: 18    Spells: 6/6 levels left

rFire   . . .        Y - +2 shortbow (drain)
rCold   . . .        (shield currently unavailable)
rNeg    . . .        e - +0 ring mail
rPois   .            (no helmet)
rElec   .            (no cloak)
rCorr   .            (no gloves)
SInv    .            (no boots)
Will    .....        (no amulet)
Stlth   +            (no ring)
HPRegen 0.26/turn    (no ring)
MPRegen 0.11/turn

%: no passive effects
@: no status effects
A: no striking features
a: no special abilities


You were on level 4 of the Dungeon.
You visited 1 branch of the dungeon, and saw 4 of its levels.

You collected 151 gold pieces.


   Skills:
 - Level 2.1 Fighting
 + Level 10.6 Ranged Weapons
 - Level 3.0 Dodging
 - Level 1.2 Stealth


You had 6 spell levels left.
You didn't know any spells.
Your spell library was empty.

Inventory:

Hand Weapons
 Y - a +2 shortbow of draining (weapon)
Armour
 d - a +2 helmet
 e - a +0 ring mail (worn)
Scrolls
 c - 2 scrolls of identify
Potions
 a - a potion of mutation {unknown}
 b - a potion of curing
 f - a potion of might {unknown}
 g - a potion of haste {unknown}
 h - a potion of magic {unknown}

Dungeon Overview and Level Annotations

Branches:
Dungeon (4/15)
 Temple: D:4-7

Altars:
Trog

Annotations:
D:3 2 runed translucent doors, qw's ghost, amateur GrFi
D:4 Duvessa


Message History

The arrow hits Dowan but does no damage.
You drain Dowan.
Dowan is severely wounded.
Dowan hits you with a +0 dagger.
You shoot an arrow. The arrow hits Dowan!
You kill Dowan!
You hear a distant scream of rage.
You have reached level 7!
Things that are here:
a +0 dagger; a +0 robe; the elf corpse of Dowan You see here a hound corpse.
Duvessa, Sister of Dowan comes into view.
She is wielding a +0 short sword.
Duvessa goes berserk!
You hear a shout!
Enter note:
Enter note:
Enter note:
Enter note:
Enter note:
Enter note:
Enter note:
Enter note: You shoot an arrow.
The arrow hits Duvessa!
Duvessa is lightly wounded.
You shoot an arrow. The arrow closely misses Duvessa.
Duvessa rages.
Duvessa hits you with a +0 short sword!
You shoot an arrow. The arrow barely misses Duvessa.
Duvessa hits you with a +0 short sword. x2
You shoot an arrow. The arrow hits Duvessa.
Duvessa is moderately wounded.
Duvessa hits you with a +0 short sword.
You shoot an arrow. The arrow barely misses Duvessa.
Duvessa hits you but does no damage. Duvessa hits you with a +0 short sword!
You shoot an arrow. The arrow hits Duvessa.
You drain Duvessa.
Duvessa is heavily wounded.
Duvessa barely misses you.
You shoot an arrow. The arrow closely misses Duvessa.
Duvessa hits you with a +0 short sword!
You die...

.. .. .. ########.
#....... #......
#....e## #....@.+
#....%)# ####.#.#
...#.#
#.###.###############
#. #.##.............
# #>(............[.
###############.. #..


You could see Duvessa (berserk, drained).

Vanquished Creatures
  2 scorpions (D:4)
  Dowan (D:4)
  2 jellies (D:4)
  A hound (D:4)
  An orc priest (D:4)
  A sleepcap (D:4)
  2 orc wizards (D:4)
  4 gnolls (D:3)
  3 adders
  2 worms (D:4)
  3 dart slugs
  11 orcs
  7 endoplasms
  2 giant cockroaches
  9 goblins
  7 hobgoblins
  A quokka (D:3)
  7 ball pythons
  9 kobolds
  6 rats
81 creatures vanquished.

Notes
Turn   | Place    | Note
-------+----------+-------------------------------------------
     0 | D:1      | qw the Deep Elf Hunter began the quest for the Orb.
     0 | D:1      | Reached XP level 1. HP: 12/12 MP: 3/3
     0 | D:1      | 0 ||| qw: Version: 0.3-a-9-g12657ce
     0 | D:1      | 0 ||| qw: Game counter: 1782
     0 | D:1      | 0 ||| qw: Always use a shield: true
     0 | D:1      | 0 ||| qw: God list: Okawaru
     0 | D:1      | 0 ||| qw: Allow faded altars: false
     0 | D:1      | 0 ||| qw: Do Orc after D:15 true
     0 | D:1      | 0 ||| qw: Do second Lair branch before Depths: true
     0 | D:1      | 0 ||| qw: Lair rune preference: random
     0 | D:1      | 0 ||| qw: Plans: Normal
     0 | D:1      | 0 ||| PLANNING D:1-11
   377 | D:1      | Reached skill level 6 in Ranged Weapons
   377 | D:1      | Reached XP level 2. HP: 10/16 MP: 4/4
   392 | D:1      | 392 ||| FLEEEEING.
   393 | D:1      | 393 ||| FLEEEEING.
   394 | D:1      | 394 ||| FLEEEEING.
   395 | D:1      | 395 ||| FLEEEEING.
   396 | D:1      | 396 ||| FLEEEEING.
   397 | D:1      | 397 ||| FLEEEEING.
   398 | D:1      | 398 ||| FLEEEEING.
   744 | D:1      | 744 ||| FLEEEEING.
   758 | D:1      | 758 ||| FLEEEEING.
   869 | D:1      | 869 ||| UPGRADING to +0 ring mail.
   879 | D:1      | 879 ||| DROPPING +0 leather armour.
   880 | D:1      | 880 ||| READING scroll labelled FOENGIGGOR.
   881 | D:1      | 881 ||| READING scroll labelled CEAME AGOYGUFU.
   982 | D:1      | 982 ||| DROPPING scroll of butterflies.
  1023 | D:2      | Reached XP level 3. HP: 20/20 MP: 5/5
  1242 | D:2      | Reached skill level 7 in Ranged Weapons
  1443 | D:2      | Found a bloodstained altar of Trog.
  1467 | D:2      | 1467 ||| READING scroll labelled UMEZIN CAC LOSH.
  1468 | D:2      | 1468 ||| READING scroll labelled XIQALAE WUSTRISA.
  1469 | D:2      | 1469 ||| READING scroll labelled OSUIWU REGAU.
  1470 | D:2      | 1470 ||| READING scroll labelled SEXIT TEROEBE.
  1471 | D:2      | 1471 ||| READING scroll labelled RAOGUE KODAOSS.
  1655 | D:3      | Reached XP level 4. HP: 22/25 MP: 6/6
  1675 | D:3      | HP: 5/25 [gnoll/+0 flail (7)]
  1828 | D:3      | Reached skill level 8 in Ranged Weapons
  1847 | D:3      | Found a large runed translucent door.
  1848 | D:3      | Found a large runed translucent door.
  1851 | D:3      | Noticed qw's ghost (amateur GrFi)
  2404 | D:3      | 2404 ||| READING scroll labelled IPO JAUJOLU.
  2405 | D:3      | 2405 ||| READING scroll labelled NUBREF RO ZOZEN.
  2466 | D:3      | 2466 ||| DRINKING 2 coppery potions.
  2512 | D:4      | Reached XP level 5. HP: 25/29 MP: 7/7
  2576 | D:4      | Reached skill level 9 in Ranged Weapons
  2664 | D:4      | Reached XP level 6. HP: 28/35 MP: 8/8
  2896 | D:4      | Reached skill level 10 in Ranged Weapons
  2962 | D:4      | 2962 ||| READING scroll of enchant weapon.
  2962 | D:4      | 2962 ||| ENCHANTING +1 shortbow of draining.
  2973 | D:4      | Reached skill level 3 in Dodging
  2975 | D:4      | Noticed Dowan
  2979 | D:4      | Killed Dowan
  2980 | D:4      | Reached XP level 7. HP: 40/40 MP: 9/9
  2982 | D:4      | Noticed Duvessa
  2987 | D:4      | HP: 9/40 [Duvessa/+0 short sword (13)]
  2989 | D:4      | Slain by Duvessa

Levels and vault maps discovered:
D:1:      saegor_arrival_simple_a, layout_basic
D:2:      layout_basic, basic_altar
D:3:      layout_loops_ring, ebering_ghost_disaster_area, st_stairs_13
D:4:      layout_basic, hangedman_decor_points, eino_tiny_chamber,
          kennysheep_dice, uniq_duvessa

Skill      XL: |  1  2  3  4  5  6 |
---------------+-------------------+-----
Ranged Weapons | 6 7 8 9 10 | 10.6
Fighting       | 2 |  2.1
Dodging        | 3 |  3.0
Stealth        | |  1.2

Action                     |  1- 3 |  4- 6 |  7- 9 || total
---------------------------+-------+-------+-------++-------
   Fire: Shortbow          |    85 |   117 |     7 ||   209
    Use: Scroll            |     7 |     3 |       ||    10
         Potion            |       |     1 |       ||     1
 Armour: Leather armour    |     1 |       |       ||     1
         Ring mail         |     1 |    23 |     1 ||    25
  Dodge: Dodged            |     7 |    22 |     1 ||    30

Table legend:
 A = Non-vault XP
 B = Vault XP
 C = Vault XP percentage of total XP
 D = Non-vault monster count
 E = Vault monster count
 F = Vault count percentage of total count
                 A         B        C        D         E       F
            +---------+---------+-------+---------+---------+-------
      Total |     673 |      70 |   9.4 |      78 |       3 |   3.7
            +---------+---------+-------+---------+---------+-------
        D:1 |      32 |       0 |   0.0 |      19 |       0 |   0.0
        D:2 |      39 |       0 |   0.0 |      17 |       0 |   0.0
        D:3 |     110 |       1 |   0.9 |      17 |       1 |   5.6
        D:4 |     492 |      69 |  12.3 |      25 |       2 |   7.4
            +---------+---------+-------+---------+---------+-------
